AoeStats
← JorgeLuddSaysNo

MegaRandom

509329960Analyzed
2v2 RM · 5d ago on Sep 26, 2026· 19m 47s· 4 players
Game mode
Random Map
Map size
Medium (4 player)
Population
200
Speed
Normal
Resources
Standard
Victory
Conquest
Starting age
Dark Age
Ending age
Imperial Age
RankedLock teamsTeams togetherTeam positionsShared explorationLock speedFull tech treeHidden civsTurbo modeCheats
Victory
Defeat
🇬🇧 Mongols · United Kingdom
930
+26
🇮🇶 Varangians · Iraq
887
+15
🇬🇧 Chinese · United Kingdom
878
-15
🇬🇧 Spanish · United Kingdom
872
-14
aryaszahir958
7:43 Loom
10:40 Feudal Age
11:12 Horse Collar
11:19 Double-Bit Axe
21:24 Castle Age
bambino.dolphino
9:03 Loom
11:12 Feudal Age
11:34 Man-at-Arms
17:19 Double-Bit Axe
20:50 Castle Age
18:59 Horse Collar
JorgeLuddSaysNo
14:13 Feudal Age
15:00 Loom
Attila the John
0:39 Loom
13:10 Feudal Age
14:56 Horse Collar
15:02 Double-Bit Axe
17:26 Castle Age
18:40 Wheelbarrow
18:31 Bow Saw
18:14 Fletching
18:47 Heavy Plow
Connection lost

Rejoining the realm…

Still unreachable

The connection could not be restored.

Session expired

The server has moved on; the page needs a fresh start.